 Dungeon Crawl Stone Soup version 0.26-a0-580-g4860111 (webtiles) character file.

Game seed: 1710554707602941897

86 Hazorath the Sneak (level 4, -6/28 HPs)
             Began as a Kobold Brigand on Aug 23, 2020.
             Killed by nerve-wracking pain
             ... invoked by an orc priest
              (11 damage)
             ... on level 2 of the Dungeon.
             The game lasted 00:01:45 (601 turns).

Hazorath the Sneak (Kobold Brigand)                  Turns: 601, Time: 00:01:45

Health: -6/28      AC:  3    Str:  8    XL:     4   Next: 77%
Magic:  4/4        EV: 15    Int: 12    God:
Gold:   17         SH:  0    Dex: 17    Spells: 3/3 levels left

rFire    . . .     SeeInvis .   a - +2 dagger
rCold    . . .     Faith    .   (shield restricted)
rNeg     . . .     Spirit   .   b - +0 robe
rPois    .         Reflect  .   (no helmet)
rElec    .         Harm     .   c - +0 cloak
rCorr    .                      (no gloves)
MR       .....                  (no boots)
Stlth    ++++......             (no amulet)
HPRegen  0.09/turn              (no ring)
MPRegen  0.09/turn              (no ring)

@: no status effects
A: small, nightstalker 3
a: no special abilities


You were on level 2 of the Dungeon.
You visited 1 branch of the dungeon, and saw 2 of its levels.

You collected 17 gold pieces.

Inventory:

Hand Weapons
 a - a +2 dagger (weapon)
Armour
 b - a +0 robe (worn)
 c - a +0 cloak (worn)
Scrolls
 f - a scroll of teleportation {unknown}
 i - 2 scrolls of identify {unknown}
Potions
 g - a potion of might
 h - a potion of flight {unknown}


   Skills:
 * Level 3.2 Fighting
 * Level 3.9 Short Blades
 * Level 3.2 Throwing
 + Level 2.1 Dodging
 - Level 5.3 Stealth


You had 3 spell levels left.
You didn't know any spells.
Your spell library was empty.

Dungeon Overview and Level Annotations

Branches:
Dungeon (2/15)

Altars:


Innate Abilities, Weirdness & Mutations

You are small and have problems with some larger weapons.
You are completely attuned to the shadows.


Message History

The orc priest is severely wounded.
The orc priest hits you but does no damage.
You hit the orc priest.
The orc priest is severely wounded.
The orc priest begins to cast a cantrip, but forgets the words!
You closely miss the orc priest.
The orc priest is severely wounded.
You hit the orc priest.
The orc priest is almost dead.
The orc priest mumbles some strange prayers to Beogh against you.
Beogh smites you!
* * * LOW HITPOINT WARNING * * *
You hit the orc priest but do no damage.
The orc priest is almost dead.
The orc priest hits you but does no damage.
You hit the orc priest.
The orc priest is almost dead.
The orc priest invokes the aid of Beogh against you.
Pain shoots through your body!
You die...

#........# ##
.........# #.
#.....(..# #.
###........# #.
#..........# ##.
#...#.#### #.. #@##..#
#####.# #o##.## #......
##)##.### #......
#.......# #......
#((.....# ##..#..
#.......# #.##..
..###o......## ##...(.
.o...........# #...##.
.............####..##..


You could see an orc priest.

Vanquished Creatures
  An orc wizard (D:2)
  Natasha (D:2)
  An adder (D:2)
  A worm (D:2)
  A dart slug (D:2)
  An orc (D:2)
  3 goblins
  3 kobolds (D:2)
  A rat (D:1)
13 creatures vanquished.

Vanquished Creatures (others)
  An orc wizard (D:2)
1 creature vanquished.

Grand Total: 14 creatures vanquished

Notes
Turn   | Place    | Note
-------+----------+-------------------------------------------
     0 | D:1      | Hazorath the Kobold Brigand began the quest for the Orb.
     0 | D:1      | Reached XP level 1. HP: 12/12 MP: 1/1
   159 | D:2      | Reached XP level 2. HP: 8/18 MP: 2/2
   331 | D:2      | Reached XP level 3. HP: 13/22 MP: 3/3
   528 | D:2      | Noticed Natasha
   536 | D:2      | Killed Natasha
   536 | D:2      | Reached XP level 4. HP: 28/28 MP: 4/4
   601 | D:2      | Killed from afar by an orc priest

Illustrated notes

Levels and vault maps discovered:
D:1:      dpeg_arrival_ratfight, layout_basic
D:2:      cheibrodos_helix_gallery, layout_rooms, uniq_natasha

Skill      XL: |  1  2  3  4 |
---------------+-------------+-----
Short Blades   | 3 |  3.9
Fighting       | 3 |  3.2
Throwing       | 3 |  3.2
Dodging        | 2 |  2.1
Stealth        | |  5.3

Action                   |  1- 3 |  4- 6 || total
-------------------------+-------+-------++-------
Melee: Dagger            |    18 |    27 ||    45
Throw: Dart              |     7 |     9 ||    16
 Stab: Sleeping          |     5 |       ||     5
       Distracted        |     1 |       ||     1
Armor: Robe              |     2 |     5 ||     7
Dodge: Dodged            |     8 |    11 ||    19

Table legend: (Time is in decaauts)
 A = Elapsed time spent in this place.
 B = Non-inter-level travel time spent in this place.
 C = Inter-level travel time spent in this place.
 D = Time resting spent in this place.
 E = Time spent auto-exploring this place.
 F = Levels seen in this place.
 G = Mean time per level.
                   A        B        C        D        E       F      G
               +--------+--------+--------+--------+--------+-----+--------+
         Total |    591 |    586 |      5 |     11 |    453 |   2 |  295.5 |
       Dungeon |    591 |    586 |      5 |     11 |    453 |   2 |  295.5 |
               +--------+--------+--------+--------+--------+-----+--------+

Top non-repeatable levels by time:
     D:2: 498 daAuts
     D:1: 92 daAuts
